Arrhythmia, chaotic female vampiric Convict ########%####)######################### ------- # #--- # |.....| ### #|. ########...<..| --------- # #|.- # # ----.-- |........## #|.| | # ### # |..>....| |.| ?| # # # |........# |.| %? # ### # ----.---- |.| . -----+- --- |# # ###### |%-|---+--- ............|### # # |)............{......{..........|# # ## @ |.-|----+-- - ---- |# ## --.--@- #|)| . |.....| #|)| (( |....@| #|.| (| |......#)#)#####)####|.| | ------- #..------------ ------ --------- | |...............................| --------------------------------- Arrhythmia the Jail-bird Experience level: 7 Strength: 15 Dexterity: 18 Constitution: 17 Intelligence: 9 Wisdom: 7 Charisma: 6 Health: 0(56) Energy: 37(37) AC: -6 Gold: 215 Moves: 1336 Your Inventory: Coins $ - 215 gold pieces Armor b - a cursed +0 striped shirt (being worn) h - a [blessed] +6 hooded cloak named what the fuck are you [dwarvish] (being worn) j - an [uncursed] +0 pair of hard shoes [iron] (being worn) l - an [uncursed] +0 dwarvish mithril-coat (being worn) m - a [blessed] +0 hard hat [dwarvish iron helm] (being worn) t - an [uncursed +0] pair of jackboots [high] u - an [uncursed +0] pair of old gloves [leather] v - an [uncursed +0] small shield Scrolls q - a [cursed] scroll labeled VERR YED HORRE [of teleportation] s - a [blessed] scroll labeled VERR YED HORRE [of teleportation] Potions k - an [uncursed] silver potion [of extra healing] r - a [blessed] magenta potion [of levitation] Rings n - a [cursed] diamond ring [of hunger] Wands p - an [uncursed] platinum wand [of teleportation (0:7)] Tools e - an [uncursed] bag called Sack [oilskin sack] g - an [uncursed oil] lamp (lit) Iron balls c - an [uncursed] heavy iron ball (chained to you) (weapon in hand) Spells known in the end: Name Level Category Fail Memory Your skills at the end: Fighting Skills Weapon Skills sling [Basic / Skilled] Spellcasting Skills Final Attributes: You had transgressed. Hunger level was 293. Your alignment was -14 / 16. Monster difficulty range was 1 - 6. Level difficulty was 6. You were immune to poison. You were immune to level-drain. You were immune to sickness. You were punished. You could fly. You could survive without air. You regenerated. You were lucky (1). You are dead. Vanquished creatures: 2 watchmen 2 gnome lords a gnomish wizard a wax golem a floating eye 6 dwarves 2 orc zombies 4 hobbits a hobgoblin a yellow mold a red mold 31 gnomes a jackal 3 sewer rats a lichen a newt 59 creatures vanquished. Voluntary challenges: You went without food. You were illiterate. You never hit with a wielded weapon. You put on armor 11 times. You never genocided any monsters. You never polymorphed an object. You never changed form. You used no wishes. You abstained from Elbereth's help. You never encountered a bones level. You never used any Sokoban shortcuts. Dungeon overview: The Dungeons of Doom: levels 1 to 2 Level 1 a long staircase Level 2 a fountain stairs to The Gnomish Mines The Gnomish Mines: levels 3 to 6 Level 3 stairs to The Dungeons of Doom Level 6 <- You were here some shops, some fountains History has recorded: On T:1 you entered the Dungeons of Doom to retrieve the Amulet of Yendor! On T:50 you reached level 2 of The Dungeons of Doom. On T:206 you reached level 1 of The Gnomish Mines. On T:223 you advanced to experience level 2. On T:234 you advanced to experience level 3. On T:241 you advanced to experience level 4. On T:647 you advanced to experience level 5. On T:881 you advanced to experience level 6. On T:894 you reached level 2 of The Gnomish Mines. On T:958 you reached level 3 of The Gnomish Mines. On T:1028 you advanced to experience level 7. On T:1169 you reached level 4 of The Gnomish Mines. Latest messages: [HP-20=3] [2 turns] The watchman throws a spear! The spear misses the watch captain. You are almost hit by a spear. [HP+1=4] [HP+1=5] The watch captain throws a knife! You are almost hit by a knife. You hear the splashing of a naiad. [HP+2=7] [2 turns] [HP+1=8] [HP+1=9] [HP+2=11] [2 turns] [HP+1=12] [HP+1=13] The watch captain swings her silver saber. The silver sears your flesh! The watch captain hits! You die... The oilskin sack is empty. Final status: Goodbye Arrhythmia the Convict... You died in The Gnomish Mines on dungeon level 6 with 2226 points, and 215 pieces of gold, after 1336 moves. You were level 7 with a maximum of 56 hit points when you died.